Map: [ESL] Hecate

Players

Clem - Winner!

  • Race: Terran Terran
  • Spawn Location: 1:00

Bunny

  • Race: Terran Terran
  • Spawn Location: 7:00

Event: IEM Katowice 2024

VOD

Have the link to the VOD?

Description

Time

  • Played on: Feb. 10, 2024, 7:12 a.m.
  • Length: 25:14

All games in this series

Show
View Real Time Build Order
Export as new Build Order

Clem Terran - Winner!

Build Orders:  

Get SALT Encoding   

  12  0:00  SCV  
  13  0:12  SCV  
  14  0:16  Supply Depot  
  14  0:24  SCV  
  15  0:38  Barracks, SCV  
  16  0:43  Refinery  
  16  0:50  SCV  
  17  1:00  Barracks  
  17  1:04  SCV  
  18  1:10  Refinery  
  18  1:16  SCV  
  19  1:26  Reaper  
  20  1:34  Orbital Command  
  20  1:41  Supply Depot  
  20  1:46  Reaper  
  21  1:58  Reaper  
  21  2:00  SCV  
  23  2:08  Factory  
  23  2:12  SCV  
  24  2:18  Reaper  
  24  2:21  Supply Depot  
  25  2:24  SCV  
  26  2:36  SCV  
  27  2:49  Command Center  
  27  2:50  Barracks Reactor  
  26  2:54  SCV  
  27  3:00  Cyclone  
  28  3:06  SCV  
  29  3:18  SCV  
  29  3:26  Starport  
  28  3:30  SCV  
  29  3:40  Cyclone  
  29  3:41  Cyclone  
  33  3:42  SCV  
  34  3:50  Barracks Tech Lab, Refinery  
  34  3:54  SCV  
  35  4:01  Orbital Command  
  35  4:02  Medivac  
  37  4:06  SCV  
  38  4:13  Cyclone x2  
  42  4:18  SCV  
  42  4:21  Supply Depot  
  43  4:27  SCV  
  43  4:31  SCV  
  45  4:39  SCV  
  45  4:43  SCV  
  45  4:44  Raven, Interference Matrix  
  49  4:46  Cyclone  
  49  4:47  Supply Depot  
  49  4:49  Cyclone  
  49  4:51  SCV  
  54  4:55  SCV  
  55  5:03  SCV  
  56  5:07  SCV  
  56  5:09  Command Center, Supply Depot  
  57  5:15  SCV  
  57  5:19  Raven, Barracks Tech Lab, SCV  
  57  5:20  Cyclone  
  63  5:26  Cyclone  
  63  5:28  SCV  
  66  5:31  SCV  
  66  5:34  Supply Depot  
  67  5:37  Stimpack, Refinery  
  67  5:43  Barracks Reactor, SCV  
  67  5:44  SCV  
  67  5:48  Barracks  
  69  5:55  SCV  
  69  5:57  Marine, SCV  
  71  6:01  Engineering Bay x2  
  72  6:08  SCV  
  72  6:09  Siege Tank, SCV  
  77  6:15  Marine  
  77  6:17  Supply Depot  
  78  6:20  SCV  
  78  6:21  SCV  
  78  6:23  Orbital Command  
  80  6:27  Barracks  
  80  6:29  Barracks, Terran Infantry Weapons Level 1  
  80  6:30  Starport Reactor  
  80  6:32  SCV  
  81  6:33  Terran Infantry Armor Level 1, Marine  
  81  6:36  Marine  
  81  6:39  Marine  
  80  6:40  SCV  
  80  6:44  SCV  
  78  6:49  Orbital Command  
  78  6:52  SCV  
  78  6:56  SCV  
  79  7:02  Siege Tank, Marine x2  
  79  7:07  SCV  
  86  7:08  SCV  
  86  7:09  Marine x3  
  86  7:12  Supply Depot  
  86  7:15  SCV  
  90  7:16  Medivac  
  90  7:17  Combat Shield  
  90  7:19  Medivac  
  90  7:20  Marine  
  90  7:22  Marine  
  96  7:24  SCV x2  
  96  7:27  SCV  
  96  7:29  Supply Depot  
  99  7:32  Barracks Reactor  
  99  7:33  Barracks Reactor  
  99  7:34  Marine  
  99  7:35  Marine  
  99  7:36  SCV x2  
  103  7:38  Siege Tank  
  103  7:40  SCV  
  107  7:45  Marine  
  107  7:47  Marine x2  
  107  7:48  SCV x2  
  110  7:52  Marine  
  110  7:54  Medivac  
  110  7:55  Marine  
  110  7:57  Supply Depot, SCV  
  115  7:59  Medivac  
  115  8:01  SCV  
  115  8:03  Marine  
  119  8:07  Refinery x2  
  119  8:09  Marine  
  119  8:10  SCV  
  119  8:11  Marine  
  122  8:13  Marine x3  
  122  8:18  Marine x3  
  128  8:21  SCV, Marine  
  128  8:22  Supply Depot  
  128  8:24  Siege Tank  
  133  8:29  Sensor Tower  
  133  8:34  SCV  
  133  8:35  SCV x2  
  133  8:36  Medivac  
  133  8:37  Marine  
  124  8:43  Marine  
  124  8:45  Marine  
  124  8:46  SCV, Marine x6  
  124  8:47  SCV  
  130  8:50  Armory  
  130  8:51  SCV  
  130  8:55  Marine  
  131  8:56  Siege Tank  
  131  8:58  SCV  
  131  8:59  SCV  
  131  9:01  Marine  
  137  9:03  Marine x2, SCV  
  137  9:05  Supply Depot  
  137  9:07  Marine  
  141  9:14  Marine  
  141  9:15  SCV  
  138  9:18  Marine x3  
  138  9:20  Marine  
  138  9:21  Marine  
  138  9:22  SCV  
  138  9:23  Command Center  
  141  9:27  SCV x2, Marine x2  
  144  9:33  Factory  
  144  9:34  SCV  
  144  9:38  Siege Tank  
  144  9:39  Barracks Reactor, SCV x2  
  149  9:57  Terran Infantry Weapons Level 2, Terran Infantry Armor Level 2  
  149  10:06  Marine  
  149  10:08  SCV x2, Marine x6  
  149  10:09  Marine  
  149  10:10  Siege Tank  
  117  10:16  Marine x2  
  100  10:22  Viking x2  
  100  10:24  Marine  
  100  10:25  Marine  
  100  10:26  Siege Tank  
  106  10:29  Barracks  
  106  10:30  Barracks x2  
  106  10:31  Terran Vehicle Weapons Level 1, Marine x3  
  106  10:32  Marine  
  106  10:33  Marine  
  111  10:36  Marine  
  111  10:37  Marine  
  111  10:40  Marine  
  111  10:42  Siege Tank, Marine  
  115  10:43  Marine  
  115  10:49  Marine x3  
  122  10:50  Marine  
  122  10:52  Viking  
  122  10:53  Viking, Marine  
  127  10:57  Marine x2  
  127  10:58  Siege Tank, Marine  
  127  11:03  Marine  
  127  11:04  Marine  
  135  11:07  Missile Turret x2, Marine  
  135  11:10  Supply Depot  
  136  11:11  Marine  
  136  11:12  Marine  
  136  11:15  Siege Tank  
  136  11:16  Marine  
  142  11:24  Missile Turret  
  142  11:27  Marine x2  
  142  11:28  Marine  
  142  11:30  Siege Tank, Marine x5  
  142  11:31  Marine  
  153  11:39  Viking x2  
  150  11:45  Marine  
  140  11:47  Siege Tank, Marine  
  140  11:50  Marine x5  
  140  11:52  Marine x2  
  147  11:56  Marine  
  143  12:03  Siege Tank, Marine  
  143  12:04  Marine x3  
  143  12:07  Marine  
  143  12:08  Marine  
  152  12:09  Liberator  
  152  12:14  Marine  
  155  12:19  Siege Tank  
  157  12:24  Marine  
  157  12:25  Marine  
  157  12:29  Marine  
  153  12:33  Viking  
  153  12:35  Siege Tank  
  153  12:36  Marine  
  153  12:37  Marine  
  147  12:38  Marine x2  
  147  12:39  Marine  
  151  12:46  Marine  
  152  12:51  Siege Tank  
  154  12:59  Marine  
  154  13:00  Marine  
  154  13:02  Marine x4  
  149  13:06  Marine  
  149  13:07  Siege Tank, Marine x2  
  153  13:17  Marine  
  153  13:19  Marine  
  149  13:20  Orbital Command  
  149  13:23  Siege Tank, Marine  
  150  13:29  Supply Depot  
  150  13:33  Viking  
  152  13:39  Siege Tank  
  155  13:45  Terran Infantry Weapons Level 3  
  155  13:53  Marine  
  156  13:57  Siege Tank  
  156  14:02  Marine x5  
  162  14:13  Viking  
  164  14:21  Supply Depot  
  164  14:23  Viking  
  165  14:29  Siege Tank  
  167  14:31  Marine  
  167  14:37  Supply Depot  
  165  14:38  Supply Depot  
  165  14:47  Siege Tank  
  165  14:48  Marine x4  
  170  14:54  Marine x2  
  170  14:55  Marine  
  170  14:59  Marine  
  173  15:03  Viking  
  175  15:07  Viking  
  175  15:12  Siege Tank  
  164  15:16  Marine  
  165  15:33  Viking, Supply Depot  
  165  15:34  Marine, Refinery  
  168  15:41  Viking  
  170  15:45  Orbital Command, Siege Tank, Marine  
  170  15:46  Marine  
  175  15:54  Missile Turret  
  174  15:57  Refinery  
  174  16:10  Missile Turret  
  174  16:12  Viking x2  
  166  16:22  Siege Tank  
  166  16:23  Marine  
  166  16:25  Marine  
  153  16:27  Marine  
  153  16:28  Marine  
  153  16:29  Marine  
  156  16:36  Siege Tank, Marine  
  143  16:49  Marine  
  143  16:50  Marine  
  143  16:51  Marine x7  
  149  16:54  SCV  
  149  16:55  Refinery  
  149  16:56  SCV  
  149  16:59  SCV  
  152  17:04  Missile Turret  
  152  17:08  SCV  
  153  17:10  SCV  
  153  17:13  Terran Vehicle Weapons Level 2  
  154  17:18  SCV  
  154  17:20  SCV  
  156  17:25  Terran Infantry Armor Level 3  
  156  17:31  Siege Tank  
  156  17:32  Marine  
  156  17:35  Marine  
  158  17:38  Liberator  
  161  17:48  Supply Depot  
  161  17:56  SCV  
  161  17:57  Command Center  
  160  17:59  SCV  
  160  18:02  SCV  
  161  18:09  Viking  
  163  18:14  Siege Tank  
  163  18:15  Siege Tank  
  163  18:18  Marine  
  171  18:20  Marine  
  163  18:36  Viking  
  163  18:41  Marine  
  158  18:45  Marine  
  158  18:47  Marine x4  
  143  18:49  Siege Tank, Marine  
  147  18:58  Marine  
  147  19:00  Siege Tank  
  150  19:03  Marine  
  150  19:06  Liberator  
  150  19:07  Barracks  
  150  19:08  Marine x2  
  150  19:09  Barracks, Orbital Command  
  156  19:15  Marine  
  156  19:17  Marine  
  156  19:20  Marine x2  
  156  19:22  SCV  
  154  19:29  SCV x2  
  154  19:33  Factory Tech Lab  
  153  19:44  Supply Depot x2  
  153  19:47  Supply Depot  
  151  20:05  Liberator, Marine  
  151  20:06  Marine  
  146  20:09  Siege Tank  
  146  20:10  Marine  
  149  20:20  Marine  
  150  20:22  Marine x2  
  150  20:23  Marine  
  150  20:24  Siege Tank  
  150  20:27  Marine  
  151  20:41  Siege Tank  
  141  20:45  Marine  
  141  20:47  Marine  
  141  20:48  Marine  
  141  20:56  Siege Tank  
  144  21:13  Siege Tank  
  144  21:14  Marine  
  148  21:19  SCV  
  148  21:20  SCV x2  
  148  21:21  Orbital Command  
  148  21:24  Sensor Tower  
  148  21:25  Missile Turret  
  151  21:26  Marine  
  151  21:28  Siege Tank, Starport Reactor  
  151  21:31  Marine  
  151  21:32  SCV x2  
  158  21:35  Marine  
  156  21:45  Siege Tank  
  147  21:47  Terran Vehicle Weapons Level 3  
  147  21:48  SCV  
  147  21:52  Refinery  
  148  21:54  Refinery  
  148  21:59  Marine  
  148  22:00  Siege Tank  
  152  22:08  Marine x2  
  152  22:14  Barracks Reactor  
  152  22:15  Marine x3  
  155  22:17  Siege Tank  
  155  22:21  Missile Turret, Marine  
  155  22:22  Marine  
  161  22:26  Marine  
  163  22:30  Viking  
  163  22:34  Viking  
  159  22:51  Supply Depot  
  159  22:52  Supply Depot  
  159  23:00  Viking  
  159  23:04  Viking  
  163  23:09  Marine x2  
  162  23:15  Sensor Tower  
  162  23:20  Siege Tank, Marine x7  
  162  23:24  Starport  
  172  23:27  Siege Tank  
  172  23:28  Marine  
  172  23:29  Marine  
  172  23:30  Viking  
  179  23:38  Marine  
  169  24:06  Orbital Command, Supply Depot x2  
  169  24:07  Supply Depot  
  156  24:28  Supply Depot, Marine x2  
  156  24:29  Siege Tank x2  
  156  24:30  Liberator  
  163  24:33  Marine  
  163  24:35  Marine  
Show
View Real Time Build Order
Export as new Build Order

Bunny Terran 

Build Orders: Cyclone Opening 

Get SALT Encoding   

  12  0:00  SCV  
  13  0:12  SCV  
  14  0:17  Supply Depot  
  14  0:24  SCV  
  15  0:38  SCV  
  15  0:40  Barracks  
  15  0:42  Refinery  
  16  0:50  SCV  
  16  0:52  Refinery  
  17  1:02  SCV  
  18  1:15  SCV  
  19  1:27  Orbital Command, Reaper  
  19  1:29  Supply Depot  
  20  1:42  Factory  
  20  1:52  SCV  
  21  1:59  Reaper  
  22  2:04  SCV  
  23  2:16  SCV  
  23  2:18  Command Center  
  24  2:26  Hellion  
  24  2:28  SCV  
  27  2:31  Marine  
  27  2:40  SCV  
  28  2:47  Supply Depot  
  28  2:48  Cyclone  
  30  2:52  SCV  
  30  2:57  Starport  
  31  3:06  SCV  
  31  3:19  SCV  
  31  3:20  Barracks Reactor, Cyclone  
  33  3:31  SCV  
  33  3:33  Medivac  
  36  3:43  SCV  
  37  3:55  SCV  
  37  3:57  Orbital Command  
  37  4:01  Cyclone x2  
  42  4:04  Starport Tech Lab  
  42  4:08  SCV  
  43  4:17  Command Center  
  43  4:20  SCV  
  43  4:23  Raven  
  46  4:24  Interference Matrix  
  46  4:26  SCV  
  46  4:29  Refinery  
  47  4:32  SCV  
  47  4:35  Cyclone  
  50  4:42  SCV  
  50  4:44  SCV  
  54  4:56  SCV x2  
  54  5:06  Supply Depot  
  54  5:07  Raven, Supply Depot  
  54  5:14  Factory Tech Lab  
  54  5:19  Bunker  
  54  5:21  Barracks x2  
  54  5:28  SCV x2, Marine x2  
  58  5:29  Orbital Command  
  58  5:32  Siege Tank, Supply Depot  
  59  5:40  SCV x2  
  59  5:42  Raven  
  63  5:45  Engineering Bay  
  63  5:46  Marine x2, Engineering Bay  
  65  5:52  SCV  
  65  5:53  SCV  
  65  5:56  SCV  
  68  6:05  Siege Tank, SCV x2  
  68  6:08  SCV, Refinery  
  68  6:09  Barracks Tech Lab  
  74  6:13  Barracks  
  74  6:15  Barracks  
  74  6:22  Stimpack  
  74  6:23  Marine x3  
  77  6:27  Starport Reactor, Terran Infantry Weapons Level 1  
  77  6:32  Supply Depot  
  77  6:33  Supply Depot  
  77  6:39  Marine  
  78  6:41  Marine x3  
  78  6:42  Siege Tank  
  84  6:52  SCV x3  
  84  6:54  Terran Infantry Armor Level 1  
  87  7:02  Barracks Reactor x2  
  87  7:03  Medivac, Supply Depot  
  87  7:04  Supply Depot  
  87  7:08  Marine x4  
  90  7:13  Medivac  
  94  7:26  Siege Tank  
  94  7:29  Marine x4  
  101  7:30  Supply Depot  
  101  7:31  Missile Turret  
  101  7:33  SCV x2  
  103  7:37  Orbital Command  
  103  7:39  Marine x3  
  103  7:41  Armory  
  103  7:43  Medivac  
  108  7:47  Marine x2  
  110  7:52  Marine, Medivac  
  110  7:53  Marine x2  
  110  7:56  SCV x2  
  110  7:57  Marine x3  
  119  8:05  Marine, Supply Depot  
  118  8:07  Siege Tank  
  118  8:08  Marine  
  118  8:10  Marine  
  112  8:16  Marine x2  
  112  8:18  SCV  
  107  8:29  Marine x5  
  112  8:39  Siege Tank  
  99  8:42  Marine x3  
  99  8:44  Medivac  
  99  8:46  SCV x2  
  99  8:47  Marine x5, SCV  
  106  8:58  SCV x2  
  106  8:59  SCV  
  106  9:00  Marine x3  
  106  9:01  Missile Turret  
  106  9:02  Medivac  
  114  9:05  Marine x2  
  114  9:13  Siege Tank  
  114  9:16  SCV x3  
  113  9:20  Marine x6  
  119  9:24  Medivac  
  119  9:28  SCV x2  
  119  9:29  SCV  
  124  9:35  Refinery  
  124  9:39  Marine x8, Medivac  
  124  9:40  SCV x2  
  124  9:41  SCV  
  137  9:49  Siege Tank  
  140  9:57  Marine  
  141  10:03  Missile Turret, Supply Depot  
  141  10:04  Supply Depot x2  
  141  10:06  Viking, Marine x3  
  140  10:12  Marine  
  140  10:13  Marine x3  
  121  10:15  Marine  
  115  10:22  Siege Tank  
  115  10:24  SCV, Marine x3  
  122  10:29  Terran Infantry Weapons Level 2  
  122  10:30  Marine x4  
  122  10:32  Marine  
  122  10:34  Terran Infantry Armor Level 2  
  127  10:39  Viking  
  127  10:40  SCV x2  
  127  10:41  Marine, SCV  
  127  10:42  Marine  
  134  10:44  Marine  
  134  10:48  Marine x2  
  137  10:53  Terran Vehicle Weapons Level 1  
  137  10:55  Marine  
  137  10:56  Marine x2  
  140  10:59  Marine  
  140  11:00  Siege Tank, Marine  
  140  11:01  SCV x3  
  140  11:02  Marine  
  149  11:05  Refinery  
  149  11:06  Medivac, Marine  
  152  11:15  Medivac  
  152  11:17  Marine  
  152  11:18  Marine x5  
  160  11:20  Marine  
  160  11:24  Marine  
  160  11:35  Marine x3  
  160  11:38  Marine  
  160  11:39  Marine x3  
  156  11:40  Siege Tank  
  156  11:41  Marine  
  156  11:47  Viking x2  
  149  11:52  Command Center  
  149  11:53  Marine x3  
  149  11:56  Marine x4  
  149  11:59  Marine  
  151  12:11  Marine x3  
  151  12:14  Siege Tank, Marine x4  
  161  12:16  Medivac  
  161  12:17  Marine, Medivac  
  161  12:19  Supply Depot x2  
  161  12:29  Marine x3  
  145  12:33  Marine x4  
  145  12:35  Marine  
  146  12:46  Siege Tank, Marine, Medivac  
  146  12:47  Marine x2, Medivac  
  146  12:51  Marine x4  
  151  12:53  Marine  
  156  13:04  Marine  
  156  13:05  Marine x2  
  150  13:09  Marine x4  
  150  13:10  Marine  
  150  13:11  Orbital Command  
  134  13:16  Viking  
  134  13:17  Viking  
  128  13:22  Siege Tank, Marine x2  
  128  13:26  Marine x2  
  132  13:27  Marine x3  
  132  13:28  Marine  
  132  13:31  Sensor Tower  
  136  13:40  Marine x2  
  138  13:43  Marine  
  138  13:44  Missile Turret  
  138  13:47  Marine x5  
  144  13:53  Viking  
  146  13:58  Marine  
  147  14:04  Liberator  
  147  14:08  Marine  
  147  14:09  Marine x6  
  157  14:15  Siege Tank  
  157  14:16  Marine  
  161  14:26  Marine  
  161  14:27  Marine x4  
  166  14:31  Medivac  
  168  14:45  Marine x4  
  152  14:46  Marine x3  
  152  14:47  Siege Tank, Medivac  
  162  15:04  Medivac  
  163  15:08  Marine x8  
  149  15:26  Marine x6  
  149  15:27  Siege Tank  
  158  15:29  Medivac  
  158  15:34  Medivac  
  162  15:48  Marine  
  162  15:49  Marine x6  
  169  15:59  Viking, Siege Tank  
  173  16:05  Marine  
  173  16:06  Marine x3  
  163  16:23  Medivac  
  156  16:29  Medivac  
  156  16:31  Siege Tank  
  153  16:51  Marine x7  
  162  17:03  Siege Tank  
  162  17:08  Medivac x2  
  167  17:16  Marine  
  167  17:17  Marine x4  
  170  17:39  Siege Tank  
  172  17:46  Marine x3  
  172  17:47  Marine  
  174  18:00  Orbital Command  
  174  18:04  Medivac  
  173  18:14  Marine x5  
  178  18:24  Marine  
  178  18:25  Marine x2  
  124  18:55  Marine  
  124  18:56  Marine x7  
  126  19:03  Siege Tank  
  129  19:13  Marine  
  129  19:14  Marine x2  
  129  19:16  Marine  
  129  19:17  Marine  
  137  19:20  Medivac x2  
  137  19:23  Marine  
  137  19:24  Marine x2  
  141  19:32  Marine  
  141  19:33  Marine x2  
  141  19:34  Marine x2  
  146  19:41  Marine  
  146  19:42  Marine x2  
  146  19:50  Marine x3  
  149  19:53  Orbital Command  
  124  20:14  Marine x8  
  111  20:22  Siege Tank  
  106  20:32  Marine x8  
  106  20:33  Medivac  
  106  20:35  Medivac  
  109  20:49  Marine  
  105  20:50  Marine x7  
  105  20:55  Siege Tank  
  116  21:03  Medivac  
  118  21:05  Medivac  
  118  21:07  Marine x3  
  118  21:08  Marine x5  
  128  21:24  Terran Infantry Armor Level 3, Terran Infantry Weapons Level 3  
  128  21:25  Marine x8  
  129  21:27  Siege Tank  
  121  21:43  Marine x8  
  121  21:46  Viking  
  130  21:47  Viking  
  132  21:57  SCV  
  132  21:59  Siege Tank  
  132  22:01  Marine x3  
  137  22:06  SCV  
  140  22:09  SCV  
  138  22:18  Medivac x2  
  138  22:21  Marine, SCV  
  138  22:22  Marine x4  
  148  22:31  Siege Tank  
  148  22:33  SCV  
  148  22:34  Sensor Tower, Marine  
  148  22:35  Marine x2  
  155  22:39  Marine  
  155  22:40  Marine  
  156  22:51  Viking x2  
  143  22:56  Missile Turret  
  143  22:57  Marine x2  
  143  22:58  Marine  
  134  23:08  Marine  
  134  23:09  Marine  
  131  23:19  Siege Tank  
  134  23:28  Liberator  
  134  23:29  Orbital Command  
  116  24:08  Marine x8  
  108  24:14  Medivac  
  110  24:25  Marine  
  110  24:26  Marine  
  82  24:55  Marine x8  

Tags
 
Add a new tag
Caveats
  • Supply blocks, unpowered buildings, or Contaminate may cause inaccurate times.
  • Supply counts are checked every 10 seconds.